Map: Jungle Depths LE

Players

Simas

  • Race: Terran Terran
  • Spawn Location: 3:00

Nigrnog

  • Race: Zerg Zerg
  • Spawn Location: 1:00

MooEsqoo

  • Race: Protoss Protoss
  • Spawn Location: 1:00

kramox

  • Race: Terran Terran
  • League: Gold
  • Spawn Location: 7:00

Panoo

  • Race: Zerg Zerg
  • League: Gold
  • Spawn Location: 7:00

Anakin

  • Race: Terran Terran
  • League: Gold
  • Spawn Location: 7:00

VOD

Have the link to the VOD?

Description

Time

  • Played on: Nov. 17, 2019, 11:36 a.m.
  • Length: 13:01
Show
View Real Time Build Order
Export as new Build Order

Simas Terran 

Build Orders:  

Get SALT Encoding   

  12  0:02  SCV  
  13  0:14  SCV  
  14  0:20  Supply Depot  
  14  0:26  SCV  
  15  0:31  Refinery  
  15  0:42  SCV  
  16  0:52  Barracks  
  16  0:54  SCV  
  17  1:06  SCV  
  18  1:12  Barracks  
  18  1:18  SCV  
  19  1:40  SCV  
  19  1:41  Refinery  
  19  1:42  Supply Depot  
  20  1:50  Barracks Reactor  
  20  1:52  SCV  
  21  2:01  Barracks  
  21  2:04  Supply Depot  
  21  2:13  Marine  
  22  2:25  SCV  
  23  2:30  Marine  
  24  2:46  Marine x2  
  24  2:51  Barracks Reactor  
  26  2:53  Barracks Reactor  
  26  3:01  SCV  
  26  3:04  Marine x2  
  29  3:22  Marine x2  
  29  3:24  Command Center  
  31  3:32  Marine x4  
  35  3:39  Marine  
  35  3:40  Marine  
  37  3:49  Marine  
  37  3:50  Marine  
  39  4:12  Supply Depot  
  39  4:18  Marine  
  39  4:26  Marine  
  39  4:28  Marine  
  34  4:34  Marine x3  
  34  4:35  Supply Depot  
  34  4:36  Marine  
  34  4:44  Marine  
  35  4:45  Marine  
  35  4:46  SCV  
  35  4:51  Marine  
  38  4:58  Supply Depot, SCV  
  39  5:01  Marine x2  
  39  5:02  Marine x2  
  43  5:10  SCV  
  44  5:22  Supply Depot  
  31  5:40  Marine x3  
  31  5:41  Marine x3  
  37  5:45  Supply Depot  
  37  5:46  SCV  
  38  5:58  Marine x4, SCV  
  38  5:59  Marine x2  
  45  6:08  Factory  
  45  6:10  SCV  
  46  6:16  Marine x3, SCV  
  46  6:17  Engineering Bay  
  50  6:22  SCV  
  51  6:28  SCV  
  52  6:34  Marine x5, SCV  
  52  6:35  Marine  
  46  6:51  Marine  
  41  6:55  Marine x5  
  45  7:09  Marine  
  45  7:13  Marine x3  
  43  7:19  Marine  
  43  7:20  Marine  
  45  7:27  Marine  
  46  7:30  Marine  
  46  7:31  Starport, Marine x2  
  46  7:33  Factory Tech Lab  
  49  7:37  Marine x2  
  51  7:45  Marine, Terran Infantry Weapons Level 1  
  51  7:48  Marine x2  
  51  7:49  Marine  
  55  7:55  Marine  
  55  7:56  Marine  
  57  8:03  Marine  
  58  8:06  Marine x3  
  58  8:13  Marine x2  
  44  8:21  Marine  
  44  8:24  Marine x3  
  48  8:31  Marine x2  
  46  8:39  Marine  
  43  8:42  Marine x3  
  46  8:49  Marine x2  
  48  8:56  Marine  
  48  8:59  Marine  
  48  9:00  Marine x2  
  48  9:07  Marine x2  
  45  9:14  Marine  
  46  9:17  Marine x2  
  46  9:18  Marine  
  49  9:24  Marine  
  49  9:25  Marine  
  47  9:32  Marine  
  47  9:35  Marine  
  43  9:40  Terran Infantry Armor Level 1, Marine x2  
  43  9:42  Marine x2  
  47  9:50  Marine  
  48  9:53  Reaper  
  48  9:54  Starport Tech Lab  
  48  9:57  Hellion  
  48  9:58  Reaper x2  
  53  10:00  Reaper x2  
  53  10:06  Armory  
  55  10:08  Reaper  
  55  10:12  Fusion Core  
  56  10:18  Hellion  
  58  10:25  Reaper  
  59  10:30  Marine x2  
  59  10:32  Marine x2  
  59  10:39  Hellion  
  59  10:40  Marine  
  48  11:01  Hellion  
  48  11:03  Reaper x3  
  48  11:04  Reaper x2  
  36  11:06  Reaper  
  15  11:22  Hellion  
  9  11:35  Marine  
  9  11:38  Marine  
  9  11:44  Hellion  
Show
View Real Time Build Order
Export as new Build Order

Nigrnog Zerg 

Build Orders: Hatch First 

Get SALT Encoding   

  12  0:01  Drone  
  13  0:12  Overlord  
  13  0:17  Drone  
  14  0:31  Drone  
  15  0:37  Drone  
  15  0:38  Drone  
  17  0:59  Drone  
  17  1:01  Drone  
  19  1:06  Hatchery  
  18  1:12  Extractor  
  18  1:14  Drone  
  18  1:23  Spawning Pool  
  18  1:24  Drone  
  18  1:31  Drone  
  19  1:41  Overlord  
  19  1:56  Drone  
  20  2:02  Drone  
  21  2:10  Queen  
  23  2:16  Metabolic Boost  
  23  2:19  Zergling x2  
  24  2:24  Evolution Chamber  
  24  2:25  Queen  
  24  2:26  Drone  
  26  2:30  Zergling x2  
  26  2:34  Zergling x2  
  28  2:37  Drone  
  29  2:44  Zergling x2  
  29  2:50  Drone  
  31  2:54  Zergling x2  
  31  2:56  Zerg Melee Weapons Level 1  
  32  3:01  Drone  
  32  3:04  Drone  
  34  3:15  Overlord  
  34  3:18  Overlord  
  34  3:31  Overlord  
  34  3:32  Overlord  
  34  3:36  Extractor  
  33  3:42  Zergling x4, Hatchery  
  34  3:50  Zergling x8  
  38  3:57  Drone  
  30  4:27  Zergling x4  
  30  4:28  Zergling x16  
  30  4:29  Zergling x2  
  39  4:42  Zergling x2  
  40  4:47  Zergling x2, Overlord  
  31  5:16  Zergling x2  
  31  5:17  Zergling x14  
  31  5:18  Zergling x10  
  43  5:23  Zerg Ground Armor Level 1  
  43  5:24  Drone  
  44  5:33  Hatchery  
  43  5:36  Zergling x2  
  43  5:40  Zergling x6  
  47  5:43  Zergling x2  
  44  6:13  Drone  
  44  6:14  Drone x3  
  48  6:23  Lair  
  33  6:45  Zergling x10  
  33  7:14  Zergling x6  
  33  7:16  Zergling x4, Drone  
  33  7:21  Overlord  
  33  7:22  Zergling x2  
  37  7:36  Pneumatized Carapace  
  30  7:49  Drone x3  
  30  7:50  Queen  
  35  7:57  Spire  
  34  8:00  Zergling x8  
  38  8:23  Zergling x6  
  38  8:26  Drone x3  
  44  8:30  Queen  
  46  8:38  Hatchery  
  45  8:44  Spine Crawler  
  38  9:10  Mutalisk x5  
  38  9:11  Mutalisk  
  50  9:22  Drone x3  
  53  9:24  Extractor  
  53  9:28  Zerg Flyer Weapons Level 1  
  47  9:50  Mutalisk x2  
  43  9:55  Zergling x10  
  48  10:01  Drone x3  
  51  10:09  Hatchery  
  51  10:10  Mutalisk  
  50  10:46  Mutalisk x2  
  54  10:54  Drone x2, Extractor  
  54  10:55  Drone x4  
  59  10:57  Queen  
  59  11:02  Overlord x3  
  61  11:10  Mutalisk  
  63  11:20  Mutalisk  
  63  11:25  Drone  
  66  11:34  Mutalisk x3  
  65  12:04  Mutalisk x3  
  65  12:05  Mutalisk x4  
  69  12:23  Mutalisk x4  
  71  12:36  Drone x5  
  72  12:48  Hatchery  
Show
View Real Time Build Order
Export as new Build Order

MooEsqoo Protoss 

Build Orders: 1 Gate Expand 

Get SALT Encoding   

  12  0:01  Probe  
  13  0:13  Probe  
  14  0:18  Pylon  
  14  0:25  Probe  
  15  0:38  Gateway  
  15  0:39  Probe  
  16  0:47  Assimilator  
  16  0:52  Probe  
  17  1:05  Probe  
  18  1:17  Probe  
  19  1:25  Nexus  
  19  1:32  Probe  
  20  1:40  Cybernetics Core  
  20  1:44  Probe  
  21  1:51  Pylon  
  21  1:59  Assimilator  
  21  2:01  Probe  
  21  2:07  Warp Gate  
  22  2:16  Gateway  
  22  2:22  Gateway  
  22  2:31  Probe  
  22  2:32  Stalker (Chrono Boost)  
  25  2:43  Probe  
  26  2:47  Probe  
  27  2:55  Probe  
  30  3:00  Probe  
  30  3:01  Stalker (Chrono Boost)  
  31  3:09  Stalker (Chrono Boost)  
  31  3:11  Stalker (Chrono Boost)  
  37  3:27  Stalker (Chrono Boost)  
  37  3:33  Robotics Facility  
  37  3:42  Stalker (Chrono Boost)  
  43  3:52  Stalker (Chrono Boost)  
  43  3:53  Stalker (Chrono Boost)  
  43  3:56  Probe x2  
  45  4:02  Pylon  
  45  4:08  Probe  
  46  4:16  Pylon  
  46  4:18  Pylon  
  46  4:20  Probe  
  43  5:05  Probe x2  
  45  5:09  Stalker  
  45  5:10  Stalker x2  
  51  5:16  Gateway  
  51  5:17  Gateway, Probe x2  
  43  5:50  Stalker x3  
  49  6:07  Forge  
  49  6:15  Stalker x3  
  49  6:16  Stalker x2  
  59  6:19  Probe x2  
  59  6:22  Assimilator  
  61  6:26  Assimilator  
  61  6:31  Probe x2  
  49  7:17  Stalker, Immortal (Chrono Boost)  
  49  7:18  Stalker x4  
  63  7:36  Probe  
  65  7:37  Probe  
  65  7:47  Pylon  
  65  7:49  Probe x2  
  65  7:50  Pylon  
  67  7:53  Pylon  
  67  8:01  Probe  
  67  8:05  Immortal  
  32  8:27  Shield Battery  
  32  8:29  Stalker  
  32  8:30  Stalker x4  
  32  8:31  Shield Battery  
  36  8:43  Warp Prism  
  30  9:05  Stalker  
  30  9:06  Stalker x4  
  35  9:23  Protoss Ground Weapons Level 1  
  11  9:34  Stalker x2  
  11  9:35  Stalker x2  
  17  9:49  Pylon  
  17  9:51  Pylon  
  17  10:07  Probe  
  18  10:19  Probe  
  19  10:31  Probe  
  19  10:35  Pylon  
  20  10:43  Probe  
  21  10:56  Probe  
  22  10:57  Pylon  
  22  11:33  Probe  
  22  11:36  Stalker  
  25  11:45  Probe  
  26  11:57  Probe  
  27  12:09  Probe  
  28  12:21  Probe  
  29  12:33  Probe, Stalker  
  32  12:42  Stalker  
  34  12:46  Probe  
Show
View Real Time Build Order
Export as new Build Order

kramox Terran 

Build Orders: Liberator Opening 

Get SALT Encoding   

  12  0:02  SCV  
  13  0:14  SCV  
  14  0:26  SCV  
  14  0:27  Supply Depot  
  15  0:30  Refinery  
  15  0:48  SCV  
  16  0:52  Barracks  
  16  1:00  Refinery, SCV  
  17  1:13  SCV  
  18  1:25  SCV  
  19  1:36  Supply Depot  
  19  1:37  SCV  
  20  1:48  Barracks Reactor  
  20  1:50  Factory  
  21  1:56  Orbital Command  
  20  2:05  Engineering Bay  
  20  2:24  SCV  
  21  2:33  Marine x2  
  21  2:36  SCV  
  24  2:39  Factory Tech Lab  
  24  2:46  Supply Depot  
  24  2:48  SCV  
  25  2:52  Starport  
  25  2:55  Marine  
  25  2:57  Marine  
  27  3:10  Siege Tank  
  30  3:13  Marine  
  30  3:14  Marine  
  30  3:17  Liberator  
  32  3:31  Marine  
  36  3:42  Siege Tank  
  39  3:55  Command Center  
  39  5:07  Marine x2, Medivac  
  39  5:12  Supply Depot  
  39  5:13  SCV  
  44  5:14  Siege Tank  
  47  5:24  Marine x2  
  49  5:35  Supply Depot  
  46  5:38  Liberator  
  40  5:47  Marine x2  
  45  6:04  Marine x2  
  45  6:09  Refinery, SCV  
  45  6:11  SCV  
  49  6:21  Factory, SCV  
  49  6:22  Marine x2  
  49  6:23  Starport, SCV  
  53  6:28  Supply Depot  
  53  6:33  SCV  
  53  6:35  SCV  
  55  6:40  Marine x2  
  55  6:45  SCV  
  58  6:47  SCV  
  59  6:57  SCV  
  59  6:59  SCV  
  59  7:40  Siege Tank  
  59  7:43  Viking x2  
  60  8:12  Siege Tank  
  60  8:13  Viking x2  
  64  8:45  Siege Tank  
  51  9:03  Factory Tech Lab  
  51  9:14  Factory  
  54  9:17  Siege Tank  
  54  9:19  Refinery  
  54  9:28  Command Center, Terran Infantry Weapons Level 1  
  54  9:33  Armory  
  54  9:36  Engineering Bay, Siege Tank, Armory  
  57  9:43  Missile Turret  
  57  9:48  Planetary Fortress, Missile Turret  
  57  9:49  Siege Tank  
  57  9:50  SCV  
  61  10:01  Factory Tech Lab  
  61  10:03  SCV  
  61  10:05  Viking x2  
  66  10:15  SCV  
  66  10:17  Starport  
  67  10:22  Supply Depot  
  67  10:27  SCV  
  68  10:39  Marine x2, SCV  
  68  10:41  Refinery x2, Siege Tank x3  
  80  10:46  Supply Depot  
  80  10:57  Marine  
  81  11:43  Viking x2  
  81  11:45  Siege Tank x3  
  91  12:17  Siege Tank x2  
Show
View Real Time Build Order
Export as new Build Order

Panoo Zerg 

Build Orders: Hatch First, Zergling Baneling 

Get SALT Encoding   

  12  0:01  Drone  
  13  0:12  Overlord  
  13  0:17  Drone  
  14  0:31  Drone  
  14  0:32  Drone  
  16  0:52  Drone  
  16  0:56  Drone  
  18  1:00  Drone  
  18  1:02  Hatchery  
  18  1:09  Overlord  
  18  1:20  Spawning Pool  
  18  1:24  Drone, Extractor  
  17  1:28  Drone  
  18  1:39  Drone  
  19  1:50  Drone  
  20  1:55  Extractor  
  19  2:09  Zergling x2  
  20  2:19  Drone  
  20  2:20  Drone  
  22  2:23  Metabolic Boost  
  22  2:35  Baneling Nest  
  21  2:37  Zergling x2, Queen  
  21  2:39  Queen  
  21  2:40  Zergling x2  
  21  2:41  Zergling x4  
  29  2:44  Drone  
  29  2:49  Drone  
  31  3:08  Zergling x8  
  35  3:22  Zergling x2  
  36  3:36  Overlord  
  36  3:37  Overlord  
  36  3:38  Overlord  
  36  3:50  Overlord  
  36  3:51  Overlord  
  36  3:58  Baneling x5  
  36  3:59  Baneling x3  
  36  4:04  Zergling x2  
  36  4:05  Zergling x6  
  40  4:16  Zergling x2  
  36  4:32  Zergling x2  
  36  4:33  Zergling x10  
  37  4:47  Zergling x12  
  38  5:01  Zergling x2  
  38  5:02  Zergling x2  
  36  5:14  Zergling x2  
  36  5:15  Zergling x2  
  36  5:19  Zergling x4  
  38  5:28  Baneling  
  38  5:29  Baneling x5  
  38  5:30  Baneling x3  
  38  5:31  Baneling x4  
  38  5:34  Zergling x2  
  38  5:37  Zergling x2  
  38  5:39  Zergling x2  
  40  5:43  Drone  
  40  5:50  Zergling x4  
  40  5:52  Zergling x2  
  40  5:54  Zergling x2  
  44  6:02  Drone  
  44  6:03  Drone  
  46  6:05  Drone  
  47  6:12  Drone x2  
  47  6:15  Drone  
  47  6:17  Drone  
  51  6:21  Drone  
  35  6:49  Zergling x2  
  35  6:50  Zergling x16  
  44  7:25  Zergling x18  
  53  7:31  Baneling x6  
  53  7:32  Baneling x5  
  53  7:33  Baneling x2  
  53  7:36  Zergling x6  
  53  7:40  Zergling x4  
  47  8:18  Zergling x16  
  45  8:40  Zergling x2  
  45  8:41  Zergling x10  
  49  8:45  Zergling x2  
  50  8:52  Zergling x2  
  51  9:03  Zergling x2  
  51  9:04  Zergling x2  
  51  9:06  Baneling x5  
  51  9:07  Baneling x11  
  53  9:10  Lair  
  53  9:12  Zergling x2  
  53  9:14  Zergling x2  
  55  9:17  Zergling x2  
  44  9:42  Zergling x2  
  44  9:43  Zergling x12  
  45  9:55  Zergling x2  
  45  9:56  Zergling x12  
  52  10:01  Zergling x2  
  52  10:02  Zergling x2  
  54  10:07  Baneling x3  
  54  10:08  Baneling x3  
  54  10:10  Centrifical Hooks  
  54  10:15  Drone x2  
  54  10:17  Extractor  
  55  10:21  Zergling x4  
  55  10:22  Zergling x4  
  59  10:41  Zergling x4  
  59  10:42  Zergling x6  
  50  10:58  Zergling x2  
  50  10:59  Zergling x12  
  50  11:00  Zergling x2  
  49  11:23  Zergling x2  
  49  11:24  Zergling x14  
  55  11:35  Zergling x4  
  49  12:08  Zergling x4  
  46  12:09  Zergling x12  
  45  12:25  Zergling x2  
  45  12:35  Zergling x10  
  50  12:43  Hatchery  
Show
View Real Time Build Order
Export as new Build Order

Anakin Terran 

Build Orders:  

Get SALT Encoding   

  12  0:03  SCV  
  13  0:15  SCV  
  14  0:22  Supply Depot  
  14  0:28  SCV  
  15  0:48  Barracks  
  15  0:53  Barracks  
  15  1:03  Barracks  
  15  1:33  Supply Depot, SCV  
  16  1:40  Marine  
  16  1:43  Marine  
  16  1:45  SCV  
  19  1:51  Marine  
  20  1:55  Supply Depot  
  20  1:57  Marine, SCV  
  22  2:09  SCV  
  23  2:33  Marine x3  
  26  2:41  Command Center  
  26  2:51  Marine x3  
  26  2:57  Engineering Bay  
  29  3:09  Marine x2  
  31  3:21  Marine  
  31  3:27  Marine x2  
  32  3:28  Refinery  
  32  3:32  Refinery  
  34  3:38  Marine, Orbital Command  
  35  3:44  Marine  
  35  3:45  Marine  
  37  3:56  Marine  
  37  4:02  Marine x2, Orbital Command  
  40  4:14  Marine  
  41  4:20  Marine x2  
  26  4:32  Marine  
  26  4:38  Marine x2  
  29  4:50  Marine  
  30  4:56  Marine x2  
  31  5:07  Marine  
  31  5:10  SCV  
  31  5:14  Marine x2  
  34  5:23  SCV  
  34  5:24  Factory  
  34  5:25  Marine  
  34  5:31  Marine x2  
  34  5:35  SCV  
  34  5:43  Marine  
  34  5:49  Marine x2  
  37  5:55  Terran Infantry Weapons Level 1  
  37  5:59  SCV x2  
  40  6:10  Barracks Reactor  
  41  6:11  SCV  
  41  6:12  SCV  
  41  6:13  Barracks Tech Lab  
  41  6:22  Barracks Tech Lab  
  41  6:24  Barracks, Factory Tech Lab  
  41  6:25  Barracks  
  41  6:26  Barracks  
  41  6:27  Barracks  
  41  6:35  Marine  
  42  6:53  Marine  
  41  7:04  Marine  
  41  7:05  Marine x2  
  41  7:10  Marine  
  41  7:11  Marine  
  41  7:12  Siege Tank  
  39  7:20  Marine x3  
  39  7:22  Marine x2  
  42  7:23  Marine  
  42  7:28  Stimpack, Marine x2  
  47  7:31  Combat Shield  
  47  7:36  SCV  
  48  7:38  Marine x3  
  48  7:40  Marine x2, SCV  
  54  9:00  Marine x2  
  54  9:01  Marine  
  54  9:02  Marine  
  54  9:04  SCV  
  54  9:05  Marine x3  
  54  9:17  Marine  
  54  9:20  Marine  
  54  9:31  Marine  
  54  9:42  Marine  
  54  9:43  Marine  
  54  9:44  Marine  
  54  9:45  Marine x2  
  54  9:46  Marine  
  54  9:47  Marine  
  54  9:49  Marine  
  47  10:00  Marine  
  47  10:01  Marine  
  47  10:02  Marine  
  47  10:03  Marine x2  
  47  10:04  Marine  
  47  10:05  Marine  
  54  10:32  Supply Depot  
  54  10:33  Supply Depot  
  54  10:34  Supply Depot x2  
  54  10:36  Supply Depot  
  54  10:37  Terran Infantry Armor Level 1  
  54  10:39  Armory  
  54  10:47  Engineering Bay  
  54  10:53  Marine x8  
  58  10:58  Supply Depot  
  58  10:59  Supply Depot  
  58  11:00  Supply Depot  
  51  11:10  Marine  
  51  11:11  Marine x7  
  51  11:15  Siege Tank  
  61  11:28  Marine  
  61  11:29  Marine x7  
  69  11:46  Marine  
  70  11:47  Siege Tank, Marine x7  
  80  12:04  Marine  
  80  12:05  Marine x7  
  88  12:20  Siege Tank  
  88  12:22  Marine x8  
  99  12:40  Marine x8  
Tags
 
Add a new tag
Caveats
  • Supply blocks, unpowered buildings, or Contaminate may cause inaccurate times.
  • Supply counts are checked every 10 seconds.